 Dungeon Crawl Stone Soup version 0.24.0-13-gcf9b319 (webtiles) character file.

Game seed: 3147097767112313933, levelgen mode: deterministic

319 EndlessMike the Slasher (level 6, -4/35 HPs)
             Began as a Vampire Warper on Apr 5, 2020.
             Slain by Crazy Yiuf
             ... wielding a +2 quarterstaff of chaos
              (11 damage)
             ... while paralysed by Crazy Yiuf
             ... on level 3 of the Dungeon.
             The game lasted 00:07:13 (2158 turns).

EndlessMike the Slasher (Vampire Warper)            Turns: 2158, Time: 00:07:14

Health: -4/35      AC:  5    Str: 12    XL:     6   Next: 21%
Magic:  9/9        EV:  2    Int: 15    God:
Gold:   141        SH:  0    Dex: 14    Spells: 9/9 levels left

rFire    . . .     SeeInvis +   n - +1 falchion (elec)
rCold    + + .     Gourm    .   (no shield)
rNeg     + + +     Faith    .   o - +2 leather armour {MR+}
rPois    ∞         Spirit   .   (no helmet)
rElec    .         Reflect  .   (no cloak)
rCorr    .         Harm     .   (no gloves)
MR       +....                  (no boots)
Stlth    +++.......             (no amulet)
HPRegen  0.00/turn              (no ring)
MPRegen  0.11/turn              (no ring)

@: paralysed, bloodless, regenerating quickly
A: no food, fangs 3, see invisible, unbreathing
a: Bat Form, Revivify


You were on level 3 of the Dungeon.
You were bloodless.

You visited 1 branch of the dungeon, and saw 4 of its levels.
You also visited: Sewer.

You collected 141 gold pieces.

Inventory:

Hand Weapons
 n - a +1 falchion of electrocution (weapon)
Armour
 o - a +2 leather armour of magic resistance (worn)
Scrolls
 a - a scroll of identify
 d - a scroll of blinking
 f - a scroll of enchant armour {unknown}
 g - a scroll of fear
 j - 2 scrolls of teleportation
 k - a scroll of amnesia
 m - a scroll of enchant weapon {unknown}
Potions
 c - 4 potions of flight
 e - a potion of heal wounds
 i - 2 potions of curing
 q - a potion of magic {unknown}


   Skills:
 - Level 1.7 Fighting
 * Level 6.3 Long Blades
 - Level 0.7 Throwing
 - Level 0.7 Armour
 + Level 3.0 Dodging
 - Level 2.0 Spellcasting
   Level 2.4 Translocations


You had 9 spell levels left.
You didn't know any spells.
Your spell library contained the following spells:

 Spells                   Type           Power        Failure   Level  Hunger
 Blink                    Tloc           N/A          16%         2    N/A
 Shroud of Golubria       Chrm/Tloc      #.....       26%         2    N/A
 Gell's Gravitas          Tloc           #.........   32%         3    N/A
 Lesser Beckoning         Tloc           #.........   32%         3    N/A
 Teleport Other           Tloc           #.......     32%         3    N/A
 Passage of Golubria      Tloc           N/A          71%         4    N/A

Dungeon Overview and Level Annotations

Branches:
Dungeon (4/15)              Sewer (visited)
 Temple: D:4-7

Altars:

Annotations:
D:3 Crazy Yiuf


Innate Abilities, Weirdness & Mutations

You do not eat.
You do not regenerate when monsters are visible.
You are frail without blood (-20% HP).
You can heal yourself when you bite living creatures.
You are immune to poison.
You have razor-sharp teeth.
You have supernaturally acute eyesight. (SInv)
You can survive without breathing.


Message History

Found a mace.
Found a runed translucent door.
Found a dagger.
What are your orders? t - Shout!
Orders for allies: a - Attack new target. r - Retreat! s - Stop attacking. g - Guard the area. f - Follow me.
Anything else - Cancel.
You shout for attention!
Crazy Yiuf shouts!
Crazy Yiuf cries, "You leg down broken song, no?"
You open the door.
Crazy Yiuf laughs, "Snurf pontify water!"
You barely miss Crazy Yiuf. You bite Crazy Yiuf, but do no damage.
Crazy Yiuf hits you with a +2 quarterstaff of chaos.
You suddenly lose the ability to move!
Crazy Yiuf hits you but does no damage.
You are electrocuted!
Crazy Yiuf hits you with a +2 quarterstaff of chaos!
* * * LOW HITPOINT WARNING * * *
Crazy Yiuf hits you with a +2 quarterstaff of chaos!
You die...

#.#..######...#+####
#.#..#........#.#
#.#..#.####.....#
#.#..#.## #######
#.#.....#
#.#..#..##♣♣♣♣♣
##########
#.#.#####...♣.♣♣♣ ###
#.........
#.#.......PP.♣..♣#...#
##########
#)####....P.♣♣♣♣@g...#
# #.......#.P♣♣
♣♣#..)# ####### #
##########♣♣ ###
#.....# # #####.# #
#.#### ######## #####
### #.#... .......#
#...###.#####.#.##
.......#
#....o..†..##.#.#
.......#
####....##.##.##.#.#


You could see Crazy Yiuf.

Vanquished Creatures
  A big kobold (Sewer)
  A scorpion (D:4)
  An orc wizard (D:3)
  An orc priest (D:3)
  5 adders
  An ooze (D:1)
  3 dart slugs (D:1)
  4 leopard geckos
  7 orcs (D:3)
  3 giant cockroaches
  7 goblins
  5 hobgoblins (D:1)
  9 jackals
  9 kobolds
  2 quokkas
  A ball python (D:3)
  6 bats
  2 frilled lizards (D:1)
  13 rats
81 creatures vanquished.

Notes
Turn   | Place    | Note
-------+----------+-------------------------------------------
     0 | D:1      | EndlessMike the Vampire Warper began the quest for the Orb.
     0 | D:1      | Reached XP level 1. HP: 16/16 MP: 3/3
    81 | D:1      | Reached XP level 2. HP: 14/22 MP: 5/5
    89 | D:1      | Reached skill level 3 in Long Blades
   235 | D:1      | Reached XP level 3. HP: 26/27 MP: 6/6
   609 | D:2      | Reached XP level 4. HP: 27/33 MP: 7/7
   694 | D:3      | Reached skill level 4 in Long Blades
  1136 | D:4      | Reached skill level 5 in Long Blades
  1136 | D:4      | Reached XP level 5. HP: 10/38 MP: 8/8
  1274 | D:4      | Found a glowing drain.
  1278 | Sewer    | Entered a sewer
  1393 | Sewer    | Found a white marble altar of Elyvilon.
  1566 | D:4      | Noticed an ogre
  1590 | D:3      | Reached skill level 6 in Long Blades
  1612 | D:3      | Reached XP level 6. HP: 27/35 MP: 9/9
  2130 | D:3      | Found a runed translucent door.
  2131 | D:3      | Noticed Crazy Yiuf
  2155 | D:3      | Paralysed by Crazy Yiuf for 5 turns
  2158 | D:3      | Slain by Crazy Yiuf

Levels and vault maps discovered:
D:1:      saegor_arrival_simple_d, layout_rooms
D:2:      minmay_skewed_foursquare, layout_rooms,
          chequers_ecumenical_altar_simple, first_ration
D:3:      layout_basic, uniq_crazy_yiuf_cottage
D:4:      layout_cave_pools, gup_sewer_entry_bowl

Skill      XL: |  1  2  3  4  5  6 |
---------------+-------------------+-----
Long Blades    | 3 5 6 |  6.3
Dodging        | 3 |  3.0
Fighting       | |  1.7
Throwing       | |  0.7
Armour         | |  0.7
Spellcasting   | |  2.0
Translocations | |  2.4

Action                   |  1- 3 |  4- 6 || total
-------------------------+-------+-------++-------
Melee: Falchion          |   124 |   138 ||   262
       Bite              |    14 |     7 ||    21
Throw: Boomerang         |     3 |     2 ||     5
 Abil: Exsanguinate      |       |     1 ||     1
  Use: Scroll            |       |     8 ||     8
       Potion            |       |     5 ||     5
Armor: Leather armour    |    18 |     2 ||    20
       Chain mail        |    36 |   110 ||   146
Dodge: Dodged            |    82 |    43 ||   125
       Rpst.: Falchion   |    26 |    17 ||    43
